 Dungeon Crawl Stone Soup version 0.31-a0-236-g9a0961fb85 (webtiles) character file.

Game seed: 16505985244137511486

222 qw the Shooter (level 5, -5/42 HPs)
             Began as a Minotaur Hexslinger on July 10, 2023.
             Slain by a steam dragon (8 damage)
             ... on level 4 of the Dungeon.
             The game lasted 00:00:46 (1921 turns).

qw the Shooter (Minotaur Hexslinger)                Turns: 1921, Time: 00:00:46

Health: -5/42      AC:  7    Str: 13    XL:     5   Next: 66%
Magic:  5/5        EV: 12    Int: 10    God:
Gold:   147        SH:  0    Dex: 14    Spells: 5/6 levels left

rFire   . . .        Y - +1 sling (freeze)
rCold   . . .        (no shield)
rNeg    . . .        b - +2 leather armour {rPois}
rPois   +            (helmet restricted)
rElec   .            k - +0 cloak
rCorr   .            d - +0 pair of gloves
SInv    .            (no boots)
Will    .....        (no amulet)
Stlth   +            (no ring)
HPRegen 0.27/turn    (no ring)
MPRegen 0.09/turn

%: no passive effects
@: about to teleport
A: horns 2, retaliatory headbutt
a: no special abilities


You were on level 4 of the Dungeon.
You visited 1 branch of the dungeon, and saw 5 of its levels.

You collected 147 gold pieces.


Innate Abilities, Weirdness & Mutations

You have a pair of horns on your head.
You reflexively headbutt those who attack you in melee.


   Skills:
 + Level 2.5 Fighting
 - Level 6.0 Ranged Weapons
 - Level 1.5 Armour
 - Level 2.1 Dodging
 - Level 1.0 Spellcasting
 - Level 2.0 Hexes


You had 5 spell levels left.
You knew the following spells:

 Your Spells              Type           Power      Damage    Failure   Level
a - Slow                  Hex            16%        N/A       19%         1

Your spell library contained the following spells:

 Spells                   Type           Power      Damage    Failure   Level
 Inner Flame              Hex/Fire       2%         N/A       65%         3
 Portal Projectile        Hex/Tloc       4%         N/A       65%         3
 Cause Fear               Hex            2%         N/A       88%         4

Inventory:

Hand Weapons
 Y - a +1 sling of freezing (weapon)
Armour
 b - a +2 leather armour of poison resistance (worn)
 d - a +0 pair of gloves (worn)
 k - a +0 cloak (worn)
Scrolls
 a - a scroll of teleportation
Potions
 c - a potion of brilliance {unknown}
 i - a potion of enlightenment {unknown}

Dungeon Overview and Level Annotations

Branches:
Dungeon (5/15)
 Temple: D:4-7

Altars:
Gozag
Sif Muna
The Shining One

Shops:
D:3 *


Message History

You start resting.
You hear the slow hiss of a distant avalanche of sand.
You shoot a sling bullet. The sling bullet hits the steam dragon.
The sling bullet freezes the steam dragon.
The steam dragon is moderately wounded.
You shoot a sling bullet.
The sling bullet closely misses the steam dragon.
You shoot a sling bullet. The sling bullet hits the steam dragon.
The sling bullet freezes the steam dragon.
The steam dragon is heavily wounded.
An adder comes into view.
An endoplasm comes into view.
The steam dragon closely misses you. The steam dragon claws you.
You shoot a sling bullet.
The sling bullet closely misses the steam dragon.
The adder hisses angrily.
The endoplasm quivers.
The sling bullet hits the adder!
The sling bullet freezes the adder.
You kill the adder!
The steam dragon closely misses you. The steam dragon barely misses you.
You shoot a sling bullet. The sling bullet hits the steam dragon.
The sling bullet freezes the steam dragon.
The steam dragon is severely wounded.
The steam dragon breathes steam at you. The ball of steam hits you!
You shoot a sling bullet.
The sling bullet barely misses the steam dragon.
The sling bullet hits the endoplasm.
The sling bullet freezes the endoplasm.
The endoplasm is almost dead.
You are engulfed in a cloud of scalding steam.
The steam dragon bites you.
The steam dragon claws you but does no damage.
1920 ||| READING 2 scrolls of teleportation.
As you read the scroll of teleportation, it crumbles to dust.
You feel strangely unstable. The steam dragon bites you.
The steam dragon closely misses you.
You shoot a sling bullet. The sling bullet hits the steam dragon.
The sling bullet freezes the steam dragon.
The steam dragon is severely wounded.
The steam dragon bites you!
You die...

...... #.... ...... #...
...... #..# ######
......###..#
#....##....<[.....# .
#.................# ..
#.?...?¤..........#
...#..¤¤....)........###.
#...##?@....####.###....
#....¤D#########.# #.###
#....J.##...##...###.#
+.).....'...........>###
#...#####...............
#... #.....#........#
.... ###...#........# .%.
#...#........# ...
#...#........#


You could see a steam dragon (catching breath) and an endoplasm.

Vanquished Creatures
  A black bear (D:5)
  An orc priest (D:5)
  5 adders
  4 dart slugs
  2 orcs (D:5)
  2 endoplasms
  4 giant cockroaches
  5 hobgoblins
  2 jackals (D:3)
  5 kobolds
  2 quokkas (D:2)
  4 ball pythons
  4 bats
  A frilled lizard (D:1)
  A goblin (D:2)
  4 rats
47 creatures vanquished.

Notes
Turn   | Place    | Note
-------+----------+-------------------------------------------
     0 | D:1      | qw the Minotaur Hexslinger began the quest for the Orb.
     0 | D:1      | Reached XP level 1. HP: 16/16 MP: 1/1
     0 | D:1      | 0 ||| qw: Version: 0.3-a-52-g30416fa
     0 | D:1      | 0 ||| qw: Game counter: 4565
     0 | D:1      | 0 ||| qw: Melee chars always use a shield: true
     0 | D:1      | 0 ||| qw: God list: Okawaru
     0 | D:1      | 0 ||| qw: Allow faded altars: false
     0 | D:1      | 0 ||| qw: Do Orc after clearing Dungeon:15 true
     0 | D:1      | 0 ||| qw: Do second Lair branch before Depths: true
     0 | D:1      | 0 ||| qw: Lair rune preference: random
     0 | D:1      | 0 ||| qw: Goals: Normal
     0 | D:1      | 0 ||| PLANNING D:1-11
     6 | D:1      | Noticed an iguana
     6 | D:1      | Noticed a polar bear
     7 | D:1      | Noticed a killer bee
     7 | D:1      | Noticed a wolf
   130 | D:1      | Reached skill level 3 in Ranged Weapons
   173 | D:1      | Reached XP level 2. HP: 23/23 MP: 2/2
   189 | D:1      | 189 ||| UPGRADING to +0 ring mail.
   199 | D:1      | 199 ||| DROPPING +0 robe.
   504 | D:1      | 504 ||| READING 2 scrolls labelled YNEGGU GUTZEM.
   509 | D:1      | 509 ||| READING scroll labelled GECOGU IJUHECW.
   510 | D:1      | 510 ||| DRINKING 2 white potions.
   511 | D:1      | 511 ||| DRINKING 2 silvery potions.
   512 | D:1      | 512 ||| DROPPING scroll of poison.
   513 | D:1      | 513 ||| DROPPING potion of attraction.
   626 | D:2      | Identified the +7 mace of the Heavens {holy, *Noise rCorr
                  | Int+4}
   812 | D:2      | Reached XP level 3. HP: 29/29 MP: 3/3
  1062 | D:2      | Reached skill level 4 in Ranged Weapons
  1143 | D:2      | Reached skill level 1 in Armour
  1350 | D:2      | 1350 ||| UPGRADING to +0 pair of gloves.
  1355 | D:2      | 1355 ||| READING scroll labelled ABOTIMUXAPH.
  1356 | D:2      | 1356 ||| READING scroll labelled QEECIS ERIKLI.
  1380 | D:3      | Found a glowing golden altar of the Shining One.
  1489 | D:3      | Found Gozag's Platinum Reserve.
  1582 | D:3      | Found an opulent altar of Gozag.
  1601 | D:3      | 1601 ||| SHOPLISTING +4 pair of boots of Surprise {rPois
                  | Will+} (4130 gold, have 111).
  1601 | D:3      | 1601 ||| SHOPLISTING amulet of Zolozocw {Spirit -Cast rElec
                  | rN+ Will+ Slay+6} (7200 gold, have 111).
  1601 | D:3      | 1601 ||| SHOPLISTING ring "Beuzoim" {rElec rF+ Str+2
                  | Slay+2} (5160 gold, have 111).
  1633 | D:3      | Reached XP level 4. HP: 36/36 MP: 4/4
  1636 | D:3      | Found a shimmering blue altar of Sif Muna.
  1697 | D:3      | You fall into a shaft and drop 2 floors!
  1697 | D:5      | Entered Level 5 of the Dungeon
  1762 | D:5      | Noticed a black bear
  1771 | D:5      | HP: 7/36 [black bear (5)]
  1772 | D:5      | 1772 ||| READING 2 scrolls of teleportation.
  1773 | D:5      | 1773 ||| DRINKING potion of heal wounds.
  1824 | D:5      | Killed a black bear
  1825 | D:5      | Reached skill level 6 in Ranged Weapons
  1825 | D:5      | Reached XP level 5. HP: 41/41 MP: 5/5
  1835 | D:5      | 1835 ||| UPGRADING to +2 leather armour of poison
                  | resistance.
  1845 | D:5      | 1845 ||| DROPPING +0 ring mail.
  1846 | D:5      | 1846 ||| UPGRADING to +0 cloak.
  1851 | D:5      | 1851 ||| DROPPING amulet of magic regeneration.
  1852 | D:5      | 1852 ||| READING scroll labelled NIYMMY LEMEXZI.
  1853 | D:5      | 1853 ||| READING scroll labelled XOTIDA ENEYG.
  1854 | D:5      | 1854 ||| READING scroll labelled RUB COULEUCVEB.
  1861 | D:5      | 1861 ||| FLEEEEING.
  1862 | D:5      | 1862 ||| STAIRDANCE
  1864 | D:4      | 1864 ||| PLANNING OSSUARY
  1908 | D:4      | Noticed a steam dragon
  1911 | D:4      | 1911 ||| Stepping ~*~*~tactically~*~*~ (cloud).
  1919 | D:4      | HP: 9/42 [steam dragon] (8)]
  1919 | D:4      | HP: 3/42 [steam dragon (6)]
  1920 | D:4      | 1920 ||| READING 2 scrolls of teleportation.
  1921 | D:4      | Slain by a steam dragon

Levels and vault maps discovered:
D:1:      onia_arrival_zoo_common, layout_basic,
          nicolae_concentric_dashed_squares_wild
D:2:      layout_basic
D:3:      layout_loops_ring, mainiacjoe_overflow_alcove_2,
          nicolae_gozag_zags_fifth_avenue, mainiacjoe_overflow_small_starburst
D:4:      layout_basic, cheibrodos_ashenzari_chains, enter_ossuary_4,
          nicolae_twisty_statue_hallways
D:5:      layout_basic, nzn_wu_jian_council_hall

Skill      XL: |  1  2  3  4 |
---------------+-------------+-----
Ranged Weapons | 3 4 6 |  6.0
Fighting       | 2 |  2.5
Armour         | 1 |  1.5
Dodging        | |  2.1
Spellcasting   | |  1.0
Hexes          | |  2.0

Action                     |  1- 3 |  4- 6 || total
---------------------------+-------+-------++-------
   Fire: Sling             |   109 |    43 ||   152
    Use: Scroll            |     4 |     5 ||     9
         Potion            |     2 |     1 ||     3
 Armour: Robe              |     2 |       ||     2
         Ring mail         |    16 |    17 ||    33
         Leather armour    |       |     2 ||     2
  Dodge: Dodged            |    35 |    28 ||    63

Table legend:
 A = Non-vault XP
 B = Vault XP
 C = Vault XP percentage of total XP
 D = Non-vault monster count
 E = Vault monster count
 F = Vault count percentage of total count
                 A         B        C        D         E       F
            +---------+---------+-------+---------+---------+-------
      Total |     318 |       0 |   0.0 |      47 |       0 |   0.0
            +---------+---------+-------+---------+---------+-------
        D:1 |      30 |       0 |   0.0 |      17 |       0 |   0.0
        D:2 |      58 |       0 |   0.0 |      16 |       0 |   0.0
        D:3 |      10 |       0 |   0.0 |       7 |       0 |   0.0
        D:4 |      27 |       0 |   0.0 |       2 |       0 |   0.0
        D:5 |     193 |       0 |   0.0 |       5 |       0 |   0.0
            +---------+---------+-------+---------+---------+-------
